 Dungeon Crawl Stone Soup version 0.27-a0-1144-g0b7d3b79db (webtiles) character file.

Game seed: 619774351587687087

47 sanka the Ducker (level 3, 0/29 HPs)
             Began as a Djinni Gladiator on May 10, 2021.
             Slain by an adder (3 damage)
             ... on level 2 of the Dungeon.
             The game lasted 00:01:15 (1360 turns).

sanka the Ducker (Djinni Gladiator)                 Turns: 1360, Time: 00:01:16

Health: 0/29       AC:  4    Str: 13    XL:     3   Next: 70%
Gold:   52         EV: 12    Int: 10    God:
                   SH:  0    Dex: 14

rFire    + + .     SeeInvis .   a - +0 long sword
rCold    x . .     Faith    .   (no shield)
rNeg     . . .     Spirit   .   b - +0 leather armour
rPois    ∞         Reflect  .   c - +0 helmet
rElec    .         Harm     .   (no cloak)
rCorr    .         Rampage  .   (no gloves)
Will     .....                  (boots unavailable)
Stlth    +.........             (no amulet)
HPRegen  0.09/turn              (no ring)
MPRegen  0.00/turn              (no ring)

@: flying
A: sickness immunity, fire resistance 2, cold vulnerability 1, float, innate
caster, hp casting, extra vitality 1
a: no special abilities


You were on level 2 of the Dungeon.
You visited 1 branch of the dungeon, and saw 2 of its levels.

You collected 52 gold pieces.


Innate Abilities, Weirdness & Mutations

You are immune to sickness and miasma.
You are immune to poison.
Your flesh is very heat resistant. (rF++)
You are vulnerable to cold. (rC-)
You float through the air rather than walking.
You learn spells naturally, not from books.
Your magical power is your life essence.
You have superior vitality. (+4 HP)


   Skills:
 + Level 2.5 Fighting
 + Level 3.1 Long Blades
 - Level 1.5 Throwing
 + Level 3.7 Dodging
 + Level 1.1 Spellcasting


You had 3 spell levels left.
You knew the following spells:

 Your Spells              Type           Power      Damage    Failure   Level
z - Beastly Appendage     Tmut           4%         N/A       28%         1
Your spell library was empty.

Inventory:

Hand Weapons
 a - a +0 long sword (weapon)
Missiles
 d - 3 throwing nets (quivered) {=f}
Armour
 b - a +0 leather armour (worn)
 c - a +0 helmet (worn)
Scrolls
 e - 2 scrolls of blinking {unknown}
 f - a scroll of magic mapping {unknown}
 h - 3 scrolls of identify {unknown}
Potions
 g - 3 potions of mutation {unknown}
 i - a potion of curing {unknown}

Dungeon Overview and Level Annotations

Branches:
Dungeon (2/15)

Altars:

....▒.▒▒...▒...≈.≈≈≈≈≈≈▒.▒▒
▒▒.▒▒.▒▒...▒..≈.≈≈≈.≈..▒.▒
..▒▒.▒▒..▒.▒≈.≈...≈≈.▒)▒▒
▒▒▒▒▒.▒▒..▒...≈.....≈▒.▒▒
..▒▒..▒.▒.▒.....▒..▒
...▒.▒▒.▒▒▒▒▒.▒.▒
▒.▒.▒.......▒▒.▒
▒▒▒.▒.▒.▒▒▒▒▒▒▒▒.▒
...▒...gSR....>.▒
▒£▒.▒.▒▒▒▒▒▒▒▒▒▒ ▒.......▒
▒...▒.▒.▒ ▒†▒.▒...▒
...▒.▒▒▒▒▒ .......▒
....▒▒.▒▒▒ .... ..


You could see an adder and a hobgoblin.


Message History

The rat is severely wounded.
The rat misses you.
Unknown command.
Unknown command.
You slash the rat!
You kill the rat!
The adder bites you.
* * * LOW HITPOINT WARNING * * *
You hit the adder.
The adder is moderately wounded.
The adder barely misses you.
Unknown command.
Unknown command.
You closely miss the adder. Your headbutt misses the adder.
The adder is moderately wounded.
The adder misses you. The adder closely misses you.
Unknown command.
You closely miss the adder. You headbutt the adder.
The adder is moderately wounded.
The adder bites you.
* * * LOW HITPOINT WARNING * * *
Unknown command.
You hit the adder.
The adder is almost dead.
Your horns disappear.
The adder bites you.
You die...

Action                   || total
-------------------------++-------
Melee: Long sword        ||    92
       Headbutt          ||     3
 Cast: Beastly Appendage ||     3
Armor: Leather armour    ||    41
Dodge: Dodged            ||    73
       Rpst.: Long sword ||    25

Levels and vault maps discovered:
D:1:      lightli_arrival_windingriver, layout_loops_cross
D:2:      layout_basic, serial_glass, glass_columns_b, glass_columns_a,
          minmay_strange_pillars, feat_on_display,
          shapermc_ecumenical_altar_starsandcircs, minivault_5

Notes
Turn   | Place    | Note
-------+----------+-------------------------------------------
     0 | D:1      | sanka the Djinni Gladiator began the quest for the Orb.
     0 | D:1      | Reached XP level 1. HP: 18/18 MP: 0/0
   377 | D:1      | Reached XP level 2. HP: 22/23 MP: 0/0
   962 | D:2      | Found a faded altar of an unknown god.
   985 | D:2      | Reached skill level 3 in Long Blades
   985 | D:2      | Reached XP level 3. HP: 23/29 MP: 0/0
   985 | D:2      | Learned a level 1 spell: Beastly Appendage
  1158 | D:2      | Reached skill level 1 in Spellcasting
  1360 | D:2      | Slain by an adder

Vanquished Creatures
  An adder (D:2)
  A dart slug (D:1)
  2 ball pythons (D:2)
  3 endoplasms
  3 goblins
  2 hobgoblins
  6 jackals
  2 quokkas
  2 bats
  2 frilled lizards (D:1)
  3 kobolds
  6 rats
33 creatures vanquished.
